 Dungeon Crawl Stone Soup version 0.29.0-4-gdea44cf6ec (webtiles) character file.

Game seed: 7695801467365238530

4260 qw the Blocker (level 10, -4/91 HPs)
             Began as a Troll Cinder Acolyte on Sept 1, 2022.
             Was a Believer of Ignis.
             Slain by a killer bee (5 damage)
             ... on level 8 of the Dungeon.
             The game lasted 00:03:50 (5600 turns).

qw the Blocker (Troll Cinder Acolyte)               Turns: 5600, Time: 00:03:50

Health: -4/91      AC: 12    Str: 28    XL:     10   Next: 10%
Magic:  10/10      EV:  7    Int: 10    God:    Ignis [**....]
Gold:   449        SH: 20    Dex: 11    Spells: 11/11 levels left

rFire   + + .      SeeInvis .     - Unarmed
rCold   + . .      Faith    .   c - +0 tower shield
rNeg    . . .      Spirit   .   h - +1 robe {rF+}
rPois   .          Reflect  +   (helmet restricted)
rElec   .          Harm     .   (no cloak)
rCorr   .          Rampage  .   (gloves unavailable)
Will    .....                   (boots unavailable)
Stlth   +.........              l - amulet of reflection
HPRegen 1.05/turn               j - ring of protection from cold
MPRegen 0.12/turn               i - +6 ring of dexterity

@: lethally poisoned (-4 -> -4), fiery-armoured
A: large, unfitting armour, claws 3, regeneration 1, shaggy fur 1, tough skin 1
a: Renounce Religion, Fiery Armour, Foxfire Swarm, Rising Flame


You were on level 8 of the Dungeon.
You worshipped Ignis.
Ignis was pleased with you.
You visited 1 branch of the dungeon, and saw 8 of its levels.
You also visited: Ossuary.

You collected 702 gold pieces.
You spent 253 gold pieces at shops.


Innate Abilities, Weirdness & Mutations

You are too large for most types of armour.
You have claws for hands.
Your natural rate of healing is unusually fast.
You are covered in fur. (AC +1)
You have tough skin. (AC +1)


   Skills:
 - Level 3.1 Fighting
 - Level 1.6 Dodging
 + Level 10.6 Shields
 - Level 9.0 Unarmed Combat
 - Level 1.0 Spellcasting
 - Level 2.1 Fire Magic


You had 11 spell levels left.
You didn't know any spells.
Your spell library contained the following spells:

 Spells                   Type           Power      Damage    Failure   Level
 Scorch                   Fire           8%         2d5       63%         2

Inventory:

Armour
 c - a +0 tower shield (worn)
 h - a +1 robe of fire resistance (worn)
Jewellery
 g - a ring of positive energy
 i - a +6 ring of dexterity (right claw)
 j - a ring of protection from cold (left claw)
 l - an amulet of reflection (around neck)
 n - a ring of protection from fire
Scrolls
 d - a scroll of enchant armour
 e - a scroll of identify
 k - a scroll of brand weapon
Potions
 a - a potion of mutation
 b - 4 potions of curing
 f - a potion of might {unknown}
 m - 2 potions of haste
 o - a potion of attraction {unknown}
 p - a potion of lignification {unknown}

Dungeon Overview and Level Annotations

Branches:
Dungeon (8/15)             Temple (0/1) D:4         Ossuary (visited)
   Lair: D:8-11

Altars:
Xom

Shops:
D:5 *   D:6 *(

Annotations:
D:2 1 runed translucent door, Crazy Yiuf


Message History

You block the killer bee's attack.
You barely miss the killer bee.
The killer bee is severely wounded.
You feel sick. You block the killer bee's attack. x3
The killer bee stings you.
The killer bee is burned by your cloak of flames.
The killer bee is severely wounded.
The killer bee stings you.
You are more poisoned.
The killer bee poisons you!
The killer bee is burned by your cloak of flames.
The killer bee is heavily wounded.
The killer bee stings you.
The killer bee is burned by your cloak of flames.
The killer bee is almost dead.
You miss the killer bee.
The killer bee is almost dead.
You feel sick. You block the killer bee's attack. x3
The killer bee stings you.
The killer bee is burned by your cloak of flames.
The killer bee is almost dead.
You block the killer bee's attack. The killer bee stings you.
The killer bee is burned by your cloak of flames.
The killer bee is severely wounded.
You mangle the killer bee!!
You kill the killer bee!
You feel sick. You block the killer bee's attack. x2
The killer bee stings you but does no damage.
The killer bee is burned by your cloak of flames.
The killer bee is almost dead.
The killer bee stings you but does no damage.
The killer bee is burned by your cloak of flames.
The killer bee is almost dead.
The killer bee stings you but does no damage.
The killer bee is burned by your cloak of flames.
The killer bee is moderately wounded.
You miss the killer bee.
The killer bee is almost dead.
You feel sick. The killer bee stings you.
You die...

7~P~. 7~~P.####
7~~P....######..
7~~..##.#.......
~777~~#............
P~~~~P#..#..# .
PP~......y#
...#P##..y###
.........y@#
<.###...#y#####
###..##.....#
...##...###.....#
#.............#
#...#.####....#
.....##<# ######
##### #.# ..#


You could see 3 killer bees.

Vanquished Creatures
  A two-headed ogre (D:7)
  A hornet (D:7)
  Sigmund (D:2)
  5 yaks (D:7)
  Menkaure (D:6)
  A water moccasin (D:7)
  2 black bears (D:5)
  An ice beast (D:6)
  A sky beast (D:6)
  4 phantoms
  3 centaurs
  A kobold brigand (D:6)
  An elf zombie (Ossuary)
  2 necrophages
  2 bullfrogs (D:7)
  3 scorpions
  3 wights (D:7)
  A killer bee (D:8)
  3 orc priests (D:5)
  2 human zombies (Ossuary)
  3 jellies
  2 iguanas
  4 orc wizards
  2 mummies (Ossuary)
  Robin (D:2)
  9 adders
  4 gnolls (D:5)
  A shadow imp (D:6)
  A white imp (D:5)
  3 ufetubi
  2 worms (D:2)
  2 dart slugs
  18 orcs
  5 ball pythons
  6 endoplasms
  A giant cockroach (D:1)
  A gnoll zombie (Ossuary)
  23 goblins
  8 hobgoblins
  6 jackals
  5 bats (D:1)
  5 goblin zombies (Ossuary)
  4 hobgoblin zombies (Ossuary)
  14 kobolds
  An orc zombie (Ossuary)
  2 rats
  2 rat zombies (D:7)
174 creatures vanquished.

Vanquished Creatures (others)
  2 plants (D:8)
2 creatures vanquished.

Grand Total: 176 creatures vanquished

Notes
Turn   | Place    | Note
-------+----------+-------------------------------------------
     0 | D:1      | qw the Troll Cinder Acolyte began the quest for the Orb.
     0 | D:1      | Reached XP level 1. HP: 22/22 MP: 1/1
     0 | D:1      | 0 ||| qw: Version: 0.1-a-97-g2dd2ca4
     0 | D:1      | 0 ||| qw: Game counter: 4690
     0 | D:1      | 0 ||| qw: Always use a shield: true
     0 | D:1      | 0 ||| qw: God list: Okawaru
     0 | D:1      | 0 ||| qw: Allow faded altars: false
     0 | D:1      | 0 ||| qw: Do Orc after D:15 true
     0 | D:1      | 0 ||| qw: Do second Lair branch before Depths: true
     0 | D:1      | 0 ||| qw: Lair rune preference: random
     0 | D:1      | 0 ||| qw: Plans: Normal
     0 | D:1      | 0 ||| PLANNING D:1-11
    57 | D:1      | 57 ||| Stepping ~*~*~tactically~*~*~ (stealth).
   183 | D:1      | Reached XP level 2. HP: 29/29 MP: 2/2
   239 | D:1      | 239 ||| Stepping ~*~*~tactically~*~*~ (outnumbered).
   615 | D:1      | Reached XP level 3. HP: 36/36 MP: 3/3
   733 | D:1      | 733 ||| UPGRADING to ring of protection from fire.
   734 | D:1      | 734 ||| READING scroll labelled NAKELE JOPHAIXU.
   735 | D:1      | 735 ||| READING scroll labelled KEFER COOROVU.
   828 | D:2      | Noticed Sigmund
   829 | D:2      | 829 ||| Stepping ~*~*~tactically~*~*~ (stealth).
   834 | D:2      | 834 ||| Stepping ~*~*~tactically~*~*~ (hiding).
   849 | D:2      | 849 ||| INVOKING Fiery Armour.
   852 | D:2      | Killed Sigmund
   853 | D:2      | Reached skill level 6 in Unarmed Combat
   853 | D:2      | Reached XP level 4. HP: 23/44 MP: 4/4
   853 | D:2      | Reached XP level 5. HP: 27/50 MP: 5/5
   875 | D:2      | 875 ||| Stepping ~*~*~tactically~*~*~ (stealth).
   984 | D:2      | 984 ||| Stepping ~*~*~tactically~*~*~ (stealth).
   985 | D:2      | 985 ||| Stepping ~*~*~tactically~*~*~ (stealth).
  1069 | D:2      | 1069 ||| Stepping ~*~*~tactically~*~*~ (stealth).
  1082 | D:2      | 1082 ||| INVOKING Fiery Armour.
  1083 | D:2      | Noticed Robin
  1086 | D:2      | 1086 ||| Stepping ~*~*~tactically~*~*~ (outnumbered).
  1087 | D:2      | 1087 ||| Stepping ~*~*~tactically~*~*~ (outnumbered).
  1089 | D:2      | 1089 ||| Stepping ~*~*~tactically~*~*~ (outnumbered).
  1093 | D:2      | 1093 ||| Stepping ~*~*~tactically~*~*~ (outnumbered).
  1096 | D:2      | Killed Robin
  1103 | D:2      | Reached XP level 6. HP: 59/59 MP: 6/6
  1169 | D:2      | Found a faded altar of an unknown god.
  1374 | D:2      | 1374 ||| Stepping ~*~*~tactically~*~*~ (stealth).
  1381 | D:2      | 1381 ||| Stepping ~*~*~tactically~*~*~ (outnumbered).
  1399 | D:2      | You fall into a shaft and drop 2 floors!
  1399 | D:4      | Found a staircase to the Ecumenical Temple.
  1404 | D:4      | 1404 ||| UPGRADING to +6 ring of dexterity.
  1405 | D:4      | 1405 ||| READING scroll labelled XIH ZUFUOZAZXE.
  1412 | D:4      | 1412 ||| READING scroll labelled UPAH HIDE ANI.
  1413 | D:4      | 1413 ||| READING scroll labelled ODOSUBICKEM.
  1414 | D:4      | 1414 ||| READING scroll labelled CIDACETAWN.
  1415 | D:4      | 1415 ||| DRINKING 2 murky yellow potions.
  1430 | D:4      | 1430 ||| Stepping ~*~*~tactically~*~*~ (stealth).
  1432 | D:4      | 1432 ||| Stepping ~*~*~tactically~*~*~ (stealth).
  1666 | D:2      | Found a runed translucent door.
  1667 | D:2      | Noticed Crazy Yiuf
  1670 | D:2      | 1670 ||| Stepping randomly (stuck).
  1823 | D:3      | 1823 ||| Stepping ~*~*~tactically~*~*~ (stealth).
  1877 | D:3      | 1877 ||| Stepping ~*~*~tactically~*~*~ (stealth).
  1879 | D:3      | 1879 ||| Stepping ~*~*~tactically~*~*~ (stealth).
  2276 | D:3      | 2276 ||| UPGRADING to +0 tower shield.
  2281 | D:3      | 2281 ||| DRINKING 2 murky amethyst potions.
  2282 | D:3      | 2282 ||| READING 2 scrolls of identify.
  2282 | D:3      | 2282 ||| IDENTIFYING fizzy golden potion
  2283 | D:3      | 2283 ||| DROPPING potion of invisibility.
  2284 | D:3      | 2284 ||| DROPPING potion of ambrosia.
  2308 | D:4      | 2308 ||| Stepping ~*~*~tactically~*~*~ (stealth).
  2310 | D:4      | 2310 ||| Stepping ~*~*~tactically~*~*~ (stealth).
  2373 | D:4      | 2373 ||| Stepping ~*~*~tactically~*~*~ (outnumbered).
  2375 | D:4      | Reached skill level 1 in Shields
  2448 | D:4      | Reached skill level 2 in Shields
  2554 | D:4      | Identified the +9 mace of Integrity {drain, *Slow Fly rPois
                  | Stlth+}
  2763 | D:4      | 2763 ||| Stepping ~*~*~tactically~*~*~ (stealth).
  2768 | D:4      | 2768 ||| Stepping ~*~*~tactically~*~*~ (stealth).
  2885 | D:4      | 2885 ||| UPGRADING to amulet of reflection.
  2890 | D:4      | 2890 ||| READING 2 scrolls labelled YSADGH ZUSCHU CIGUS.
  2891 | D:4      | 2891 ||| READING scroll labelled HARYHI JESTUMM.
  2892 | D:4      | 2892 ||| READING scroll labelled MESAOHECWI.
  2893 | D:4      | 2893 ||| READING 2 scrolls of identify.
  2893 | D:4      | 2893 ||| IDENTIFYING fizzy emerald potion
  2894 | D:4      | 2894 ||| DROPPING potion of berserk rage.
  2895 | D:4      | 2895 ||| DROPPING scroll of poison.
  2896 | D:4      | 2896 ||| Stepping randomly (stuck).
  2897 | D:4      | 2897 ||| Stepping ~*~*~tactically~*~*~ (cloud).
  2944 | D:5      | Entered Level 5 of the Dungeon
  2968 | D:5      | 2968 ||| Stepping ~*~*~tactically~*~*~ (hiding).
  2974 | D:5      | 2974 ||| INVOKING Fiery Armour.
  2975 | D:5      | 2975 ||| Stepping ~*~*~tactically~*~*~ (outnumbered).
  2982 | D:5      | Reached skill level 3 in Shields
  2984 | D:5      | Reached XP level 7. HP: 49/66 MP: 7/7
  3010 | D:5      | 3010 ||| Stepping ~*~*~tactically~*~*~ (stealth).
  3014 | D:5      | 3014 ||| Stepping ~*~*~tactically~*~*~ (hiding).
  3052 | D:5      | Found a shimmering altar of Xom.
  3058 | D:5      | 3058 ||| Stepping randomly (stuck).
  3059 | D:5      | 3059 ||| Stepping randomly (stuck).
  3061 | D:5      | 3061 ||| Stepping randomly (stuck).
  3062 | D:5      | 3062 ||| Stepping randomly (stuck).
  3111 | D:5      | Reached skill level 4 in Shields
  3121 | D:5      | 3121 ||| Stepping ~*~*~tactically~*~*~ (stealth).
  3232 | D:5      | 3232 ||| DRINKING 2 puce potions.
  3233 | D:5      | 3233 ||| DROPPING potion of degeneration.
  3234 | D:5      | 3234 ||| Stepping randomly (stuck).
  3235 | D:5      | 3235 ||| Stepping randomly (stuck).
  3261 | D:5      | 3261 ||| Stepping ~*~*~tactically~*~*~ (outnumbered).
  3262 | D:5      | 3262 ||| Stepping ~*~*~tactically~*~*~ (outnumbered).
  3263 | D:5      | 3263 ||| Stepping ~*~*~tactically~*~*~ (outnumbered).
  3264 | D:5      | 3264 ||| INVOKING Fiery Armour.
  3265 | D:5      | 3265 ||| Stepping ~*~*~tactically~*~*~ (outnumbered).
  3321 | D:5      | 3321 ||| Stepping ~*~*~tactically~*~*~ (stealth).
  3322 | D:5      | 3322 ||| Stepping ~*~*~tactically~*~*~ (stealth).
  3328 | D:5      | Reached skill level 5 in Shields
  3375 | D:5      | 3375 ||| Stepping ~*~*~tactically~*~*~ (outnumbered).
  3376 | D:5      | 3376 ||| Stepping ~*~*~tactically~*~*~ (outnumbered).
  3380 | D:5      | 3380 ||| Stepping ~*~*~tactically~*~*~ (outnumbered).
  3381 | D:5      | 3381 ||| Stepping ~*~*~tactically~*~*~ (outnumbered).
  3462 | D:5      | Found Xerroa Liwe's Fire Supplies.
  3468 | D:5      | 3468 ||| BUYING +1 robe of fire resistance (152 gold).
  3468 | D:5      | Bought a +1 robe of fire resistance for 152 gold pieces
  3468 | D:5      | 3468 ||| SHOPLISTING ring of fire (300 gold, have 70).
  3502 | D:5      | Reached skill level 6 in Shields
  3502 | D:5      | Reached XP level 8. HP: 73/74 MP: 8/8
  3846 | D:5      | 3846 ||| Stepping ~*~*~tactically~*~*~ (stealth).
  3850 | D:5      | 3850 ||| Stepping ~*~*~tactically~*~*~ (outnumbered).
  3852 | D:5      | 3852 ||| Stepping ~*~*~tactically~*~*~ (outnumbered).
  3854 | D:5      | 3854 ||| Stepping ~*~*~tactically~*~*~ (outnumbered).
  3867 | D:5      | 3867 ||| INVOKING Fiery Armour.
  3921 | D:5      | 3921 ||| UPGRADING to +1 robe of fire resistance.
  3931 | D:5      | 3931 ||| DROPPING +0 robe.
  3932 | D:5      | 3932 ||| UPGRADING to ring of protection from cold.
  3934 | D:5      | 3934 ||| READING scroll labelled WOIPNIFIAM.
  3937 | D:5      | 3937 ||| READING 3 scrolls of identify.
  3937 | D:5      | 3937 ||| IDENTIFYING green potion
  3938 | D:5      | 3938 ||| READING 2 scrolls of identify.
  3938 | D:5      | 3938 ||| IDENTIFYING black potion
  3939 | D:5      | 3939 ||| DROPPING potion of brilliance.
  3973 | D:6      | 3973 ||| STAIRDANCE
  3980 | D:6      | 3980 ||| Stepping ~*~*~tactically~*~*~ (outnumbered).
  3981 | D:6      | 3981 ||| Stepping ~*~*~tactically~*~*~ (outnumbered).
  3982 | D:6      | 3982 ||| Stepping ~*~*~tactically~*~*~ (outnumbered).
  3982 | D:6      | Noticed Menkaure
  3989 | D:6      | Killed Menkaure
  3990 | D:6      | Reached skill level 7 in Shields
  3990 | D:6      | 3990 ||| Stepping ~*~*~tactically~*~*~ (stealth).
  4080 | D:6      | Reached skill level 1 in Dodging
  4091 | D:6      | Found Viseirphu's Assorted Antiques.
  4100 | D:6      | 4100 ||| Stepping ~*~*~tactically~*~*~ (hiding).
  4132 | D:6      | 4132 ||| Stepping ~*~*~tactically~*~*~ (stealth).
  4135 | D:6      | 4135 ||| Stepping ~*~*~tactically~*~*~ (hiding).
  4238 | D:6      | 4238 ||| Stepping ~*~*~tactically~*~*~ (hiding).
  4253 | D:6      | 4253 ||| BUYING fuming amethyst potion (23 gold).
  4253 | D:6      | Bought a fuming amethyst potion for 23 gold pieces
  4253 | D:6      | 4253 ||| SHOPLISTING glowing onyx ring (130 gold, have
                  | 116).
  4253 | D:6      | 4253 ||| BUYING potion of curing (78 gold).
  4253 | D:6      | Bought a potion of curing for 78 gold pieces
  4253 | D:6      | 4253 ||| SHOPLISTING scroll of enchant armour (195 gold,
                  | have 38).
  4258 | D:6      | 4258 ||| Stepping ~*~*~tactically~*~*~ (stealth).
  4260 | D:6      | 4260 ||| Stepping ~*~*~tactically~*~*~ (stealth).
  4262 | D:6      | 4262 ||| Stepping ~*~*~tactically~*~*~ (stealth).
  4275 | D:6      | Reached skill level 8 in Shields
  4454 | D:6      | Found Melerchomp's Weapon Boutique.
  4577 | D:6      | 4577 ||| READING 2 scrolls of identify.
  4577 | D:6      | 4577 ||| IDENTIFYING purple potion
  4585 | D:7      | 4585 ||| PLANNING OSSUARY
  4585 | D:7      | 4585 ||| STAIRDANCE
  4603 | D:7      | Found a flagged portal.
  4672 | D:7      | Reached XP level 9. HP: 50/75 MP: 9/9
  4697 | D:7      | Noticed a two-headed ogre
  4709 | D:7      | 4709 ||| INVOKING Fiery Armour.
  4710 | D:7      | Killed a two-headed ogre
  4711 | D:7      | Reached skill level 9 in Shields
  4711 | D:7      | 4711 ||| FLEEEEING.
  4712 | D:7      | 4712 ||| FLEEEEING.
  4713 | D:7      | 4713 ||| FLEEEEING.
  4714 | D:7      | 4714 ||| FLEEEEING.
  4715 | D:7      | 4715 ||| FLEEEEING.
  4716 | D:7      | 4716 ||| FLEEEEING.
  4717 | D:7      | 4717 ||| FLEEEEING.
  4718 | D:7      | 4718 ||| FLEEEEING.
  4719 | D:7      | 4719 ||| FLEEEEING.
  4720 | D:7      | 4720 ||| FLEEEEING.
  4721 | D:7      | 4721 ||| FLEEEEING.
  4722 | D:7      | 4722 ||| FLEEEEING.
  4723 | D:7      | 4723 ||| STAIRDANCE
  4753 | D:6      | 4753 ||| READING scroll labelled DUSORI OTIOPP.
  4798 | D:7      | 4798 ||| Stepping ~*~*~tactically~*~*~ (stealth).
  4824 | D:7      | 4824 ||| INVOKING Fiery Armour.
  4827 | D:7      | 4827 ||| Stepping ~*~*~tactically~*~*~ (outnumbered).
  4828 | D:7      | 4828 ||| Stepping ~*~*~tactically~*~*~ (outnumbered).
  4831 | D:7      | 4831 ||| Stepping ~*~*~tactically~*~*~ (outnumbered).
  4832 | D:7      | 4832 ||| Stepping ~*~*~tactically~*~*~ (outnumbered).
  4834 | D:7      | 4834 ||| Stepping ~*~*~tactically~*~*~ (outnumbered).
  4836 | D:7      | 4836 ||| Stepping ~*~*~tactically~*~*~ (outnumbered).
  4837 | D:7      | 4837 ||| Stepping ~*~*~tactically~*~*~ (outnumbered).
  4838 | D:7      | 4838 ||| Stepping ~*~*~tactically~*~*~ (outnumbered).
  4839 | D:7      | 4839 ||| Stepping ~*~*~tactically~*~*~ (outnumbered).
  4840 | D:7      | 4840 ||| Stepping ~*~*~tactically~*~*~ (outnumbered).
  4859 | D:7      | Reached skill level 10 in Shields
  4862 | D:7      | Reached skill level 3 in Fighting
  4895 | D:7      | Paralysed by a hornet for 2 turns
  4979 | D:7      | Reached skill level 9 in Unarmed Combat
  5049 | D:7      | Found a sand-covered staircase.
  5050 | D:7      | 5050 ||| DROPPING ring of magical power.
  5060 | Ossuary  | Entered an ossuary
  5081 | Ossuary  | 5081 ||| Stepping ~*~*~tactically~*~*~ (stealth).
  5095 | Ossuary  | 5095 ||| Stepping ~*~*~tactically~*~*~ (stealth).
  5110 | Ossuary  | Reached XP level 10. HP: 91/91 MP: 10/10
  5123 | Ossuary  | 5123 ||| Stepping ~*~*~tactically~*~*~ (outnumbered).
  5124 | Ossuary  | 5124 ||| Stepping ~*~*~tactically~*~*~ (outnumbered).
  5126 | Ossuary  | 5126 ||| Stepping ~*~*~tactically~*~*~ (outnumbered).
  5127 | Ossuary  | 5127 ||| Stepping ~*~*~tactically~*~*~ (outnumbered).
  5128 | Ossuary  | 5128 ||| Stepping ~*~*~tactically~*~*~ (outnumbered).
  5132 | Ossuary  | 5132 ||| Stepping ~*~*~tactically~*~*~ (outnumbered).
  5157 | Ossuary  | 5157 ||| Stepping ~*~*~tactically~*~*~ (stealth).
  5244 | D:7      | 5244 ||| PLANNING D:1-11
  5397 | D:7      | 5397 ||| Stepping ~*~*~tactically~*~*~ (hiding).
  5401 | D:7      | 5401 ||| Stepping ~*~*~tactically~*~*~ (hiding).
  5551 | D:7      | 5551 ||| Stepping randomly (stuck).
  5578 | D:8      | 5578 ||| Stepping ~*~*~tactically~*~*~ (stealth).
  5584 | D:8      | 5584 ||| Stepping ~*~*~tactically~*~*~ (outnumbered).
  5585 | D:8      | 5585 ||| Stepping ~*~*~tactically~*~*~ (outnumbered).
  5586 | D:8      | 5586 ||| Stepping ~*~*~tactically~*~*~ (outnumbered).
  5594 | D:8      | 5594 ||| INVOKING Fiery Armour.
  5595 | D:8      | HP: 20/91 [killer bee (8)]
  5597 | D:8      | HP: 9/91 [killer bee (1)]
  5598 | D:8      | HP: 4/91 [killer bee (3)]
  5599 | D:8      | HP: 1/91 [poisoned by a killer bee]
  5600 | D:8      | Slain by a killer bee

Levels and vault maps discovered:
D:1:      roderic_crop_circles_arrival_small, layout_basic
D:2:      layout_basic, shapermc_ecumenical_altar_mp_ritualfount,
          eino_tiny_chamber, uniq_robin, uniq_crazy_yiuf_cottage, uniq_sigmund
D:3:      layout_loops_ring
D:4:      layout_basic, temple_pool_b
D:5:      layout_basic, amcnicky_altar_gilded, hex_intersection,
          nicolae_shop_fire_sale [nicolae_sub_dead_trees], uniq_pikel
D:6:      layout_rooms, serial_shops, nicolae_square_shop,
          nicolae_shop_hallway_plus, nrook_loot_triangle, uniq_menkaure
D:7:      layout_cave_pools, enter_ossuary_4, enter_bailey_2,
          grunt_ministairs_12
D:8:      layout_rooms, serial_bayou, serial_bayou_pond_a, serial_bayou_shore_a,
          serial_bayou_lake_a, serial_bayou_lagoon_a, serial_bayou_pond_c

Skill      XL: |  1  2  3  4  5  6  7  8  9 |
---------------+----------------------------+-----
Unarmed Combat | 4 6 9 |  9.0
Shields        | 3 6 8 10 | 10.6
Dodging        | 1 |  1.6
Fighting       | 3 |  3.1
Spellcasting   | |  1.0
Fire Magic     | |  2.1

Action                   |  1- 3 |  4- 6 |  7- 9 | 10-12 || total
-------------------------+-------+-------+-------+-------++-------
Melee: Unarmed           |    89 |   104 |   237 |    46 ||   476
       Punch             |     1 |     1 |       |       ||     2
Throw: Boomerang         |       |       |    11 |       ||    11
Invok: Fiery Armour      |     1 |     2 |     4 |     1 ||     8
  Use: Scroll            |     2 |     9 |     5 |       ||    16
       Potion            |       |     2 |     1 |       ||     3
Armor: Robe              |    20 |    25 |    38 |    14 ||    97
Dodge: Dodged            |    39 |    17 |    26 |    15 ||    97
Block: Tower shield      |       |     8 |   190 |    64 ||   262
       Reflection        |       |     1 |     5 |     2 ||     8

Table legend:
 A = Non-vault XP
 B = Vault XP
 C = Vault XP percentage of total XP
 D = Non-vault monster count
 E = Vault monster count
 F = Vault count percentage of total count
                 A         B        C        D         E       F
            +---------+---------+-------+---------+---------+-------
      Total |    5235 |     852 |  14.0 |     140 |      34 |  19.5
            +---------+---------+-------+---------+---------+-------
        D:1 |      42 |       0 |   0.0 |      25 |       0 |   0.0
        D:2 |     123 |     259 |  67.8 |      24 |      13 |  35.1
        D:3 |      12 |       0 |   0.0 |       7 |       0 |   0.0
        D:4 |     189 |       0 |   0.0 |      15 |       0 |   0.0
        D:5 |    1028 |       0 |   0.0 |      28 |       0 |   0.0
        D:6 |     845 |     169 |  16.7 |      20 |       1 |   4.8
        D:7 |    2930 |     199 |   6.4 |      20 |       4 |  16.7
        D:8 |      66 |       0 |   0.0 |       1 |       0 |   0.0
    Ossuary |       0 |     225 | 100.0 |       0 |      16 | 100.0
            +---------+---------+-------+---------+---------+-------
